 Dungeon Sprint DCSS version 0.30.1-9-gdf580d7c3d (webtiles) character file.

Game seed: 12386446016020507257

158 boopmooplesden the Fighter (level 5, -12/84 HPs)
             Began as a Minotaur Berserker on Oct 19, 2023.
             Was a Priest of Trog.
             Mangled by an ogre
             ... wielding a +0 giant club
              (30 damage)
             ... in the Dungeon (Sprint IX: "|||||||||||||||||||||||||||||").
             The game lasted 00:00:09 (30 turns).

boopmooplesden the Fighter (Minotaur Berserker)       Turns: 30, Time: 00:00:10

Health: -12/84     AC:  2    Str: 24    XL:     5   Next: 16%
Magic:  4/4        EV: 13    Int:  4    God:    Trog [***...]
Gold:   0          SH:  0    Dex:  9    Spells: 4/4 levels left

rFire   . . .        a - +0 spear
rCold   . . .        (no shield)
rNeg    . . .        b - +0 animal skin
rPois   .            (helmet restricted)
rElec   .            (no cloak)
rCorr   .            (no gloves)
SInv    .            (no boots)
Will    .....        (no amulet) Stlth
                     (no ring)
HPRegen 0.34/turn    (no ring)
MPRegen 0.09/turn

%: no teleportation
@: berserking, lethally poisoned (-12 -> -13), very quick
A: horns 2, retaliatory headbutt
a: Renounce Religion, Berserk, Trog's Hand


You were in the Dungeon.
You worshipped Trog.
Trog was most pleased with you.
You visited 1 branch

Inventory:

Hand Weapons
 a - a +0 spear (weapon)
Armour
 b - a +0 animal skin (worn)
Scrolls
 h - a scroll of blinking
Potions
 c - a potion of curing
 d - a potion of heal wounds
 e - a potion of haste
 f - 2 potions of magic
 g - a potion of berserk rage


   Skills:
 + Level 8.6 Fighting
 + Level 8.6 Polearms
 + Level 4.4 Armour
 + Level 4.6 Dodging
 + Level 0.4 Stealth


You had 4 spell levels left.
You didn't know any spells.
Your spell library was empty.

Dungeon Overview and Level Annotations

Branches:
Dungeon (1/1)

Altars:


Innate Abilities, Weirdness & Mutations

You have a pair of horns on your head.
You reflexively headbutt those who attack you in melee.


Message History

There is an open door here.
You closely miss the iguana.
You feel sick. The iguana completely misses you.
You closely miss the iguana.
You feel sick.
You closely miss the iguana. You headbutt the iguana!
The iguana is heavily wounded.
You feel sick. The iguana bites you!
You puncture the iguana!
You kill the iguana!
Trog accepts your kill.
You feel sick.
Your Fighting skill increases to level 7!
Your Polearms skill increases to level 7!
Your Dodging skill increases to level 4!
You puncture the adder!
The adder is severely wounded.
You feel sick. The adder completely misses you.
You puncture the adder!
You kill the adder!
Trog accepts your kill.
Your Armour skill increases to level 4!
You puncture the scorpion!
The scorpion is heavily wounded.
You feel sick. The scorpion stings you.
You barely miss the scorpion. You headbutt the scorpion!
You kill the scorpion!
Trog accepts your kill.
Your Fighting skill increases to level 8!
Your Polearms skill increases to level 8!
You have reached level 5!
You feel sick.
The ogre hits you with a +0 giant club!!
* * * LOW HITPOINT WARNING * * *
Things that are here:
an adder corpse; an iguana corpse You barely miss the ogre.
You hit the ogre.
The ogre is lightly wounded.
You feel sick.
The ogre hits you with a +0 giant club!!
You die...

▓.▓
▓'▓
▓†▓
▓†▓
▓.▓
▓.▓
▓.▓
▓'▓
▓@▓
▓O▓
▓.▓
▓.▓
▓.▓
▓+▓


You could see an ogre.

Vanquished Creatures
  2 scorpions (D)
  An iguana (D)
  An adder (D)
  A ball python (D)
  2 bats (D)
  An endoplasm (D)
  A giant cockroach (D)
9 creatures vanquished.

Notes
Turn   | Place    | Note
-------+----------+-------------------------------------------
     0 | D        | boopmooplesden the Minotaur Berserker began the quest for
                  | the Orb.
     0 | D        | Reached XP level 1. HP: 19/19 MP: 0/0
     8 | D        | Reached ** piety under Trog
    15 | D        | Noticed a scorpion
    15 | D        | Noticed an iguana
    15 | D        | Noticed a scorpion
    15 | D        | Noticed an ogre
    18 | D        | Killed a scorpion
    19 | D        | Reached XP level 2. HP: 31/31 MP: 1/1
    19 | D        | Reached XP level 3. HP: 38/38 MP: 2/2
    19 | D        | Reached XP level 4. HP: 45/45 MP: 3/3
    23 | D        | Reached *** piety under Trog
    27 | D        | Killed a scorpion
    28 | D        | Reached XP level 5. HP: 38/56 MP: 4/4
    30 | D        | Mangled by an ogre

Illustrated notes

Levels and vault maps discovered:
D:        linesprint [early_d, line_temple, items_1, d_10, items_2, lair_1,
          lair_end, items_3, orc_1, orc_end, items_4, d_15, swamp_1, shoals_1,
          snake_1, spider_1, d_20, vaults_1, items_5, swamp_end, shoals_end,
          snake_end, spider_end, vaults_end, d_27, items_6, zot_1, zot_end,
          crypt_end, forest_end, elf_end, slime_end, tomb_end, abyss_end,
          pan_hell_end]

Skill      XL: |  1  2  3  4 |
---------------+-------------+-----
Polearms       | 6 8 |  8.6
Fighting       | 6 8 |  8.6
Armour         | 3 4 |  4.4
Dodging        | 3 4 |  4.6
Stealth        | |  0.4

Action                     |  1- 3 |  4- 6 || total
---------------------------+-------+-------++-------
  Melee: Spear             |     7 |    10 ||    17
         Headbutt          |     2 |     2 ||     4
         Punch             |     1 |       ||     1
 Invoke: Berserk           |     1 |       ||     1
   Stab: Sleeping          |     1 |       ||     1
 Armour: Animal skin       |     1 |       ||     1
  Dodge: Dodged            |     4 |     2 ||     6
